 Dungeon Crawl Stone Soup version 0.31.0-12-g77e489cdc1 (webtiles) character file.

Game seed: 16460613286882141936

314548 Prykner the Crack Shot (level 22, -15/190 HPs)
             Began as a Formicid Hunter on Feb 12, 2024.
             Was an Initiate of Gozag.
             Killed by the air
             ... invoked by a titan
              (41 damage)
             ... on level 4 of the Vaults.
             The game lasted 01:33:08 (45268 turns).

Prykner the Crack Shot (Formicid Hunter)           Turns: 45268, Time: 01:33:09

Health: -15/190    AC: 32    Str: 20    XL:     22   Next: 4%
Magic:  22/22      EV: 25    Int: 10    God:    Gozag
Gold:   5956       SH: 27    Dex: 39    Spells: 21/21 levels left

rFire   . . .        P - +3 orcbow (heavy)
rCold   + . .        w - +1 kite shield {AC+3}
rNeg    . . .        Q - +7 chain mail "Zerchaed" {*Slow rElec rPois Dex+4}
rPois   +            (helmet unavailable)
rElec   +            E - +0 cloak {rC+}
rCorr   .            e - +2 pair of gloves {infuse}
SInv    +            u - +2 pair of boots
Will    ++...        o - amulet of reflection
Stlth   ++           f - +5 ring of evasion
HPRegen 0.51/turn    z - ring "Fankosu" {+Blink Str+4 Dex+6}
MPRegen 0.18/turn

%: slow self (1%), reflection, infuse magic (1 MP)
@: studying 2 skills
A: permanent stasis, dig shafts and tunnels, antennae 3, four strong arms, agile
1, mutation resistance 1, poison resistance
}: 2/15 runes: barnacled, gossamer
a: Dig, Shaft Self, Renounce Religion, Potion Petition, Call Merchant, Bribe
Branch


You were on level 4 of the Vaults.
You worshipped Gozag.
Gozag was greatly pleased with you.
You visited 7 branches of the dungeon, and saw 36 of its levels.
You also visited: Bailey and Ice Cave.

You collected 16289 gold pieces.
You spent 4384 gold pieces at shops.
You paid 5949 gold pieces to Gozag.

Inventory:

Hand Weapons
 P - a +3 heavy orcbow (weapon)
 S - the +10 shortbow of the Beginning {drain, rCorr Dex+3}
   (You bought it in a shop on level 15 of the Dungeon)

   Dex+3:     It affects your dexterity (+3).
   rCorr:     It protects you from acid and corrosion.
Missiles
 N - 9 throwing nets
Armour
 d - the scarf "Qeegag" {+Inv, rElec rCorr Int+2}
   (You found it on level 4 of the Spider Nest)

   Int+2:     It affects your intelligence (+2).
   rElec:     It insulates you from electricity.
   rCorr:     It protects you from acid and corrosion.
 e - a +2 pair of gloves of infusion (worn)
 u - a +2 pair of boots (worn)
 w - a +1 kite shield of protection (worn)
 C - a +2 chain mail of cold resistance
 E - a +0 cloak of cold resistance (worn)
 Q - the +7 chain mail "Zerchaed" (worn) {*Slow rElec rPois Dex+4}
   (You bought it in a shop on level 8 of the Dungeon)

   Dex+4:     It affects your dexterity (+4).
   rElec:     It insulates you from electricity.
   rPois:     It protects you from poison *Slow: It may slow you when you take
   damage.
 Z - the +3 scale mail of Gimapnoa {+Blink rF+ rN+}
   (You found it on level 4 of the Lair of Beasts)

   rF+:       It protects you from fire.
   rN+:       It protects you from negative energy.
   +Blink:    It lets you blink.
Jewellery
 a - a ring of positive energy
 b - a ring of flight
 f - a +5 ring of evasion (left hand)
 h - a +4 ring of protection
 o - an amulet of reflection (around neck)
 q - a ring of positive energy
 z - the ring "Fankosu" (right hand) {+Blink Str+4 Dex+6}
   (You acquired it on level 3 of the Vaults)

   [ring of dexterity]

   Str+4:     It affects your strength (+4).
   Dex+6:     It affects your dexterity (+6).
   +Blink:    It lets you blink.
 O - a ring of resist corrosion
 R - a ring of protection from fire
 Y - the ring of Happiness {rC+ Int+2}
   (You found it in an ice cave)

   [ring of protection from cold]

   Int+2:     It affects your intelligence (+2).
   rC+:       It protects you from cold.
Wands
 m - a wand of flame (6)
 x - a wand of acid (23)
 A - a wand of mindburst (14)
 B - a wand of polymorph (5)
 T - a wand of paralysis (20)
Scrolls
 c - 4 scrolls of torment
 i - 8 scrolls of silence
 j - 3 scrolls of amnesia
 k - 9 scrolls of immolation
 s - 9 scrolls of revelation
 t - a scroll of enchant weapon
 v - 4 scrolls of fog
 D - 6 scrolls of identify
 I - a scroll of fear
 M - 5 scrolls of vulnerability
 V - 2 scrolls of summoning
 W - 4 scrolls of poison
Potions
 g - 5 potions of mutation
 l - 4 potions of cancellation
 n - 11 potions of might
 p - 12 potions of ambrosia
 r - 2 potions of lignification
 F - 7 potions of enlightenment
 G - 12 potions of curing
 H - 7 potions of attraction
 J - 3 potions of magic
 K - 6 potions of heal wounds
 L - 4 potions of resistance
 U - 5 potions of brilliance
 X - a potion of invisibility


   Skills:
 + Level 20.1 Fighting
 + Level 21.6 Ranged Weapons
 + Level 14.6 Armour
 + Level 10.4 Dodging
 + Level 5.3 Stealth
 + Level 21.4 Shields
 * Level 8.1 Evocations


You had 21 spell levels left.
You didn't know any spells.
Your spell library contained the following spells:

 Spells                   Type           Power      Damage    Failure   Level
 Kiss of Death            Conj/Necr      0%         2d5       90%         1
 Magic Dart               Conj           0%         1d3       90%         1
 Shock                    Conj/Air       0%         1d3       90%         1
 Call Imp                 Summ           0%         N/A       97%         2
 Cigotuvi's Dreadful Rot  Necr/Alch/Air  0%         N/A       97%         2
 Ensorcelled Hibernation  Hex/Ice        0%         N/A       97%         2
 Lesser Beckoning         Tloc           0%         N/A       97%         2
 Mercury Vapours          Alch/Air       0%         N/A       97%         2
 Searing Ray              Conj           0%         2d4       97%         2
 Sublimation of Blood     Necr           0%         N/A       97%         2
 Confusing Touch          Hex            0%         N/A       99%         3
 Frozen Ramparts          Ice            0%         1d1       99%         3
 Fugue of the Fallen      Necr           0%         N/A       99%         3
 Gell's Gravitas          Tloc           0%         N/A       99%         3
 Hailstorm                Conj/Ice       0%         3d5       99%         3
 Inner Flame              Hex/Fire       0%         N/A       99%         3
 Mephitic Cloud           Conj/Alch/Air  0%         N/A       99%         3
 Ozocubu's Armour         Ice            0%         N/A       99%         3
 Passwall                 Erth           0%         N/A       99%         3
 Teleport Other           Tloc           0%         N/A       99%         3
 Tukima's Dance           Hex            0%         N/A       99%         3
 Airstrike                Air            0%         2d(0-16)  100%        4
 Brom's Barrelling Bould  Conj/Erth      0%         2d3       100%        4
 Cause Fear               Hex            0%         N/A       100%        4
 Dimensional Bullseye     Hex/Tloc       0%         N/A       100%        4
 Dispel Undead            Necr           0%         3d6       100%        4
 Flame Wave               Conj/Fire      0%         2d4       100%        4
 Fulminant Prism          Conj/Alch      0%         3d5       100%        4
 Iskenderun's Mystic Bla  Conj/Tloc      0%         2d3       100%        4
 Leda's Liquefaction      Alch/Erth      0%         N/A       100%        4
 Manifold Assault         Tloc           0%         N/A       100%        4
 Martyr's Knell           Necr/Summ      0%         N/A       100%        4
 Passage of Golubria      Tloc           0%         N/A       100%        4
 Petrify                  Alch/Erth      0%         N/A       100%        4
 Sticky Flame             Fire/Alch      0%         2d4       100%        4
 Alistair's Intoxication  Alch           0%         N/A       100%        5
 Arcjolt                  Conj/Air       0%         1d10      100%        5
 Borgnjor's Vile Clutch   Necr/Erth      0%         N/A       100%        5
 Fireball                 Conj/Fire      0%         3d3       100%        5
 Freezing Cloud           Conj/Ice/Air   0%         6-21      100%        5
 Irradiate                Conj/Alch      0%         3d11      100%        5
 Iskenderun's Battlesphe  Conj           0%         2d6       100%        5
 Metabolic Englaciation   Hex/Ice        0%         N/A       100%        5
 Silence                  Hex/Air        0%         N/A       100%        5
 Yara's Violent Unravell  Hex/Alch       0%         3d3       100%        5
 Conjure Ball Lightning   Conj/Air       0%         3x3d6     100%        6
 Death Channel            Necr           0%         N/A       100%        6
 Dispersal                Tloc           0%         N/A       100%        6
 Eringya's Noxious Bog    Alch           0%         4d6       100%        6
 Malign Gateway           Summ/Tloc      0%         N/A       100%        7
 Orb of Destruction       Conj           0%         9d5       100%        7
 Summon Hydra             Summ           0%         N/A       100%        7
 Discord                  Hex            0%         N/A       100%        8
 Disjunction              Tloc           0%         N/A       100%        8
 Ignition                 Fire           0%         3d3       100%        8
 Lehudib's Crystal Spear  Conj/Erth      0%         10d2      100%        8
 Dragon's Call            Summ           0%         N/A       100%        9
 Swiftness                Air            Unusable   N/A       N/A         3

Dungeon Overview and Level Annotations

Branches:
Dungeon (15/15)            Temple (0/1) D:6            Lair (5/5) D:11
 Shoals (4/4) Lair:2       Spider (4/4) Lair:2        Slime (0/5) Lair:5
    Orc (2/2) D:9             Elf (2/3) Orc:2        Vaults (3/5) D:14
  Crypt (0/3) Vaults:2     Depths (0/4) D:15         Bailey (visited)
  IceCv (visited)

Altars:
Ashenzari
Fedhas
Gozag
Kikubaaqudgha
Makhleb
Qazlal
Sif Muna
Trog
Uskayaw
Vehumet
Yredelemnul
The Shining One
Jiyva

Shops:
D:8 [   D:10 ?   D:15 ((*(   Orc:2 [=(??   Elf:1 [   Shoals:2 =   Shoals:3 *
Vaults:3 (

Portals:
Pandemonium: Orc:2

Annotations:
D:4 Edmund
D:6 1 runed translucent door, Crazy Yiuf
D:13 Agnes
D:14 exclusions: ice statue and obsidian statue
Lair:2 2 transporters, Pechyafi's ghost, journeyman DDEE
Vaults:1 2 runed translucent doors, christhawk's ghost, adept MiHu


Innate Abilities, Weirdness & Mutations

You cannot be hasted, slowed, berserked, paralysed or teleported.
You can dig through walls and to a lower floor.
You have a pair of large antennae on your head. (SInv)
Your four strong arms can wield two-handed weapons with a shield.
You are agile. (Dex +4, Str/Int -1)
You are somewhat resistant to further mutation.
Your system is resistant to poisons. (rPois)


Message History

You block the tengu reaver's attack. x2
Unknown command.
The tengu reaver gestures at you while chanting.
The bolt of acid misses you.
The tengu reaver points at you and mumbles some strange words.
The bolt of cold misses you.
The tengu reaver seems less brilliant.
The storm dragon breathes lightning at you.
The bolt of lightning misses you. The tengu reaver casts a spell at you.
The bolt of cold misses you.
The titan mumbles some strange words.
The titan is healed somewhat.
There is an open door here.
Okay, then.
Aiming: Fastroot
Press: ? - help, Shift-Dir - straight line, f/p - tengu reaver
Aim: a tengu reaver, wielding a +0 great mace and wearing a +0 scale mail (heavily wounded, repelling missiles)
The roots erupt in riotous growth!
Roots grab the tengu reaver.
Roots grab the storm dragon.
The now-empty wand crumbles to dust.
The grasping roots constrict the tengu reaver!
The grasping roots constrict the storm dragon!
The storm dragon struggles to escape constriction.
The titan waves its arms in wide circles.
The air twists around and strikes you!!!
* * * LOW HITPOINT WARNING * * *
The storm dragon struggles to escape constriction.
The tengu reaver struggles to escape constriction.
Unknown command.
Aiming: Mindburst
Press: ? - help, Shift-Dir - straight line, f/p - tengu reaver
Aim: a tengu reaver, wielding a +0 great mace and wearing a +0 scale mail (heavily wounded, repelling missiles, constricted by roots, chance to affect: 60%)
The tengu reaver's mind is blasted!!
The grasping roots constrict the tengu reaver!
The grasping roots constrict the storm dragon!
The titan waves its arms in wide circles.
The air twists around and strikes you!!!
You die...
Your body crumbles into a pile of gold.

........# ........#
##### ........#
##...## ........#
#.....#
........####.....###
........##.........##
........#...........#
........#...........#
........@...........#
........##.........##
........####.....###
........# #.....#
......QD# ##...##
........# #####
........####...{
.......C#......
........#....# {


You could see a titan (empowered), a storm dragon (rooted) and a tengu reaver
(repels missiles, rooted).

Vanquished Creatures
  An ancient lich (Vaults:4)
  2 krakens (Shoals:1)
  3 sphinxes
  Frances (Shoals:2)
  2 tengu reavers (D:12)
  Donald (Spider:2)
  2 azure jellies (IceCv)
  A frost giant (Shoals:4)
  2 fire giants
  2 emperor scorpions (Spider:3)
  3 vault wardens
  4 ghost moths
  A deep elf sorcerer (Elf:1)
  6 orc warlords
  7 broodmothers (Spider:4)
  2 formless jellyfish
  13 ironbound preservers
  3 quicksilver oozes (IceCv)
  7 ironbound thunderhulks
  A deep elf death mage (Elf:1)
  3 war gargoyles
  A dire elephant (Vaults:1)
  3 spark wasps (Spider:4)
  A deep elf annihilator (Elf:2)
  A minotaur (Lair:4)
  The ghost of Prykner the Marksant, a journeyman FoHu of Hepliaklqana (D:13)
  3 merfolk javelineers (Shoals:3)
  8 merfolk impalers
  A deep elf high priest (Vaults:4)
  6 entropy weavers
  A fire dragon (D:15)
  An ettin (D:12)
  4 yaktaur captains (Vaults:1)
  8 great orbs of eyes
  Harold (D:10)
  A jorogumo (Spider:4)
  4 vault guards
  8 hydras
  2 ogre magi
  A peacekeeper (Vaults:3)
  3 catoblepae
  7 boulder beetles
  A merfolk aquamancer (Shoals:4)
  An alligator (Lair:5)
  A radroach (Spider:4)
  Erica (D:11)
  10 centaur warriors
  6 ironbound frosthearts
  4 merfolk avatars
  3 demonspawn (Orc:2)
  2 two-headed ogres
  2 satyrs
  7 dancing weapons
  3 alligator snapping turtles
  An anaconda (Lair:5)
  4 tengu warriors
  5 orc high priests (Orc:2)
  9 demonic crawlers
  A deep troll shaman (Lair:5)
  10 death yaks
  Urug (Lair:5)
  4 deep elf knights
  2 skysharks
  4 skeletal warriors
  A fire crab (D:14)
  A sixfirhy (Orc:2)
  4 pharaoh ants
  42 deep trolls
  A sea snake (shapeshifter) (Vaults:2)
  7 sea snakes
  9 orb spiders
  2 sun moths (Spider:4)
  13 lindwurms
  An elf zombie (Vaults:3)
  2 glowing orange brains (Vaults:3)
  9 ironbound convokers
  2 arcanists
  4 deep elf archers
  16 orc knights
  8 steelbarb worms
  14 harpies
  2 necromancers
  15 deep elf pyromancers
  10 deep elf zephyrmancers
  14 wolf spiders
  11 cyclopes
  8 orc sorcerers
  20 ugly things
  11 manticores
  3 moths of wrath
  16 fauns
  5 meliai (Spider:4)
  An ice statue (IceCv)
  13 vault sentinels
  A rust devil (Orc:2)
  10 elephants
  3 kobold blastminers
  7 merfolk sirens
  4 water nymphs
  11 torpor snails
  9 black mambas
  3 gargoyles
  13 cane toads
  2 cane toads (shapeshifter)
  An unseen horror (D:12)
  2 kobold demonologists (D:12)
  Maggie (Lair:2)
  3 rime drakes
  13 komodo dragons
  2 yaktaur skeletons (Vaults:3)
  An ice devil (Orc:2)
  16 yaktaurs
  6 trolls
  An elf skeleton (Vaults:3)
  A red devil (Orc:2)
  A queen bee (D:10)
  10 wind drakes
  3 polar bears
  16 blink frogs
  21 tarantellas
  23 merfolk
  24 dream sheep
  7 snapping turtles
  2 air elementals (Elf:1)
  A shadow (D:11)
  43 slime creatures
  20 jumping spiders
  17 culicivoras
  23 yaks
  11 water elementals
  2 wraiths
  8 wyverns
  13 basilisks
  7 wargs
  A vampire mosquito (D:14)
  30 redbacks
  5 steam dragons
  9 water moccasins
  An acid dragon (D:5)
  Duvessa (D:6)
  2 great orb of eyes simulacra (IceCv)
  41 orc warriors
  3 black bears (Lair:5)
  A sky beast (D:8)
  20 wolves
  7 ogres
  10 centaurs
  6 slime creature simulacra (IceCv)
  A phantom (D:5)
  4 kobold brigands
  17 bullfrogs
  3 earth elementals (Elf:1)
  A gnoll sergeant (D:9)
  4 scorpions
  3 glowing shapeshifter simulacra (IceCv)
  A burial acolyte (D:5)
  5 wights (D:8)
  30 killer bees
  2 electric eels
  2 howler monkeys (D:9)
  3 bombardier beetles
  2 hounds
  A gnoll bouda (D:7)
  A jelly (D:5)
  36 orc priests
  An iguana (D:5)
  18 orc wizards
  A shapeshifter simulacrum (IceCv)
  2 hell rats (Lair:5)
  2 centaur simulacra
  12 gnolls
  9 adders
  5 white imps
  A howler monkey simulacrum (D:8)
  5 ufetubi
  An adder zombie (D:5)
  2 dart slugs
  2 ribbon worms (D:3)
  81 orcs
  6 endoplasms
  2 giant cockroaches
  12 goblins
  7 hobgoblins
  3 quokkas
  7 ball pythons
  8 bats
  2 frilled lizards (D:3)
  2 jackal zombies (D:5)
  25 kobolds
  9 rats
  A butterfly (Lair:1)
  6 tentacles (Shoals:1)
1327 creatures vanquished.

Vanquished Creatures (others)
  A fire dragon (D:15)
  A merfolk aquamancer (Shoals:4)
  A manticore (Shoals:4)
  A merfolk (Shoals:4)
  Dowan (D:6)
  10 tentacles (Shoals:1)
15 creatures vanquished.

Grand Total: 1342 creatures vanquished

Notes
Turn   | Place    | Note
-------+----------+-------------------------------------------
     0 | D:1      | Prykner the Formicid Hunter began the quest for the Orb.
     0 | D:1      | Reached XP level 1. HP: 16/16 MP: 1/1
    95 | D:1      | Reached XP level 2. HP: 22/22 MP: 2/2
   314 | D:1      | Reached XP level 3. HP: 27/27 MP: 3/3
   406 | D:1      | Found a faded altar of an unknown god.
   550 | D:1      | Prayed at the altar of an unknown god.
   550 | D:1      | Became a worshipper of Gozag Ym Sagoz the Greedy
  1207 | D:2      | Reached skill level 5 in Ranged Weapons
  1209 | D:2      | Reached XP level 4. HP: 32/34 MP: 4/4
  1240 | D:2      | Got Vehumet's Atlas of Combat Magic
  1582 | D:3      | Found a stormy altar of Qazlal.
  1738 | D:3      | Reached XP level 5. HP: 41/41 MP: 5/5
  2541 | D:3      | Found a basalt altar of Yredelemnul.
  2674 | D:4      | Identified the +5 dagger "Nel Vafi" {protect, Fly}
  2722 | D:4      | Reached skill level 1 in Armour
  2749 | D:4      | Noticed Edmund
  3149 | D:4      | Reached XP level 6. HP: 29/47 MP: 6/6
  3210 | D:4      | Gained mutation: You are somewhat resistant to further
                  | mutation. [potion of mutation]
  3210 | D:4      | Gained mutation: Your system is resistant to poisons.
                  | (rPois) [potion of mutation]
  3210 | D:4      | Gained mutation: You are agile. (Dex +4, Str/Int -1)
                  | [potion of mutation]
  3213 | D:4      | You fall into a shaft and drop 3 floors!
  3392 | D:6      | Noticed a troll
  3552 | D:7      | Noticed a water moccasin
  3569 | D:7      | Killed a water moccasin
  3570 | D:7      | Reached XP level 7. HP: 18/53 MP: 7/7
  3701 | D:6      | Noticed Duvessa
  3703 | D:6      | Noticed Dowan
  3906 | D:5      | Entered Level 5 of the Dungeon
  3906 | D:5      | Noticed an acid dragon
  4124 | D:6      | Found a staircase to the Ecumenical Temple.
  4187 | D:7      | Noticed a steam dragon
  4279 | D:7      | Killed a steam dragon
  4480 | D:7      | Reached XP level 8. HP: 48/61 MP: 8/8
  5105 | D:5      | Reached skill level 5 in Fighting
  5445 | D:5      | Reached XP level 9. HP: 68/68 MP: 9/9
  5732 | D:5      | Found an ancient bone altar of Kikubaaqudgha.
  6185 | D:6      | Found a runed translucent door.
  6186 | D:6      | Noticed Crazy Yiuf
  6252 | D:6      | Killed a troll
  6274 | D:6      | Killed Dowan
  6361 | D:6      | Killed Duvessa
  6362 | D:6      | Reached skill level 10 in Ranged Weapons
  6629 | D:8      | Found a blossoming altar of Fedhas.
  7005 | D:8      | Reached XP level 10. HP: 56/77 MP: 10/10
  7073 | D:8      | Found Faitihoq's Armour Shop.
  7074 | D:8      | Noticed a two-headed ogre
  7088 | D:8      | Killed a two-headed ogre
  7285 | D:9      | Found a radiant altar of Vehumet.
  7438 | D:9      | Found a flagged portal.
  7440 | D:9      | Found a hide-covered altar of Uskayaw.
  7457 | Bailey   | Entered a bailey
  7472 | Bailey   | Noticed an orc warlord
  7744 | Bailey   | Found a runed translucent gate.
  7747 | Bailey   | Found a runed translucent gate.
  7749 | Bailey   | Found a runed translucent gate.
  7964 | Bailey   | Killed an orc warlord
  8025 | Bailey   | Acquired 922 gold pieces
  8250 | D:9      | Found a glowing golden altar of the Shining One.
  8301 | D:9      | Found a staircase to the Orcish Mines.
  8652 | D:10     | Entered Level 10 of the Dungeon
  8674 | D:10     | Noticed Harold
  8682 | D:10     | Killed Harold
  8683 | D:10     | Reached XP level 11. HP: 73/87 MP: 11/11
  9185 | D:10     | Found a shimmering blue altar of Sif Muna.
  9222 | D:10     | Found a burning altar of Makhleb.
  9480 | D:10     | Found Poxky's Magic Scroll Emporium.
  9991 | D:11     | Noticed a manticore
  9993 | D:11     | Killed a manticore
 10035 | D:11     | Noticed Erica
 10038 | D:11     | Noticed a cyclops
 10040 | D:11     | Killed Erica
 10041 | D:11     | Reached skill level 5 in Dodging
 10044 | D:11     | Killed a cyclops
 10219 | D:11     | Reached XP level 12. HP: 97/97 MP: 12/12
 10234 | D:11     | Found a staircase to the Lair.
 10313 | D:11     | Found a transporter.
 10330 | D:11     | Found a transporter.
 10336 | D:11     | Found a transporter.
 10516 | D:11     | Found a transporter.
 10695 | D:12     | Noticed a tengu reaver
 10931 | D:12     | Noticed a tengu warrior
 10980 | Lair:1   | Entered Level 1 of the Lair of Beasts
 10985 | Lair:1   | Reached skill level 10 in Fighting
 11034 | Lair:1   | Reached skill level 5 in Armour
 11134 | Lair:1   | Reached skill level 15 in Ranged Weapons
 11907 | Lair:2   | Noticed Maggie
 11921 | Lair:2   | Killed Maggie
 11941 | Lair:2   | Found a staircase to the Shoals.
 12233 | Lair:2   | Reached XP level 13. HP: 105/105 MP: 13/13
 12239 | Lair:2   | Found an opulent altar of Gozag.
 12333 | Lair:2   | Found a transporter.
 12341 | Lair:2   | Found a transporter.
 12342 | Lair:2   | Noticed Pechyafi's ghost (journeyman DDEE)
 12488 | Lair:2   | Noticed a five-headed hydra
 12493 | Lair:2   | Killed a five-headed hydra
 12620 | Lair:2   | Found a hole to the Spider Nest.
 12979 | Lair:3   | Noticed a seven-headed hydra
 12984 | Lair:3   | Killed a seven-headed hydra
 13212 | Lair:3   | Noticed a five-headed hydra
 13215 | Lair:3   | Killed a five-headed hydra
 13323 | Lair:3   | Found a broken altar of Ashenzari.
 14034 | Lair:4   | Found a runed translucent door.
 14565 | Lair:4   | Reached XP level 14. HP: 116/116 MP: 14/14
 15053 | Lair:4   | Identified the +3 scale mail of Gimapnoa {+Blink rF+ rN+}
 15526 | Lair:4   | Noticed a minotaur
 15623 | Lair:5   | Entered Level 5 of the Lair of Beasts
 16953 | Lair:5   | Noticed Urug
 16965 | Lair:5   | Killed Urug
 17055 | Lair:5   | Found a viscous altar of Jiyva.
 17055 | Lair:5   | Found a staircase to the Slime Pits.
 17286 | Lair:5   | Reached XP level 15. HP: 66/127 MP: 15/15
 17493 | Lair:5   | Reached skill level 10 in Armour
 17629 | Lair:5   | Identified the +5 battleaxe of Sunlight {heavy, rN+ Will++
                  | Dex-4}
 18563 | Orc:1    | Entered Level 1 of the Orcish Mines
 18602 | D:8      | Bought a +2 leather armour of cold resistance for 304 gold
                  | pieces
 18708 | Orc:1    | Found a frozen archway.
 18724 | IceCv    | Entered an ice cave
 18953 | IceCv    | Noticed a quicksilver ooze
 19014 | IceCv    | Noticed a quicksilver ooze
 19018 | IceCv    | Killed a quicksilver ooze
 19019 | IceCv    | Reached skill level 15 in Fighting
 19076 | IceCv    | Noticed a quicksilver ooze
 19082 | IceCv    | Killed a quicksilver ooze
 19110 | IceCv    | Found a viscous altar of Jiyva.
 19110 | IceCv    | Noticed an azure jelly
 19113 | IceCv    | Noticed an azure jelly
 19114 | IceCv    | Killed an azure jelly
 19117 | IceCv    | Killed an azure jelly
 19142 | IceCv    | Got the ring of Happiness {rC+ Int+2}
 19239 | IceCv    | Killed a quicksilver ooze
 19656 | Orc:1    | Noticed an orc warlord
 19669 | Orc:1    | Killed an orc warlord
 19799 | Orc:1    | Noticed an orc warlord
 19809 | Orc:1    | Killed an orc warlord
 20348 | Orc:2    | Entered Level 2 of the Orcish Mines
 20348 | Orc:2    | Found a staircase to the Elven Halls.
 20691 | Orc:2    | Found Doqoinauf's Magic Scroll Shop.
 20746 | Orc:2    | Found Ungow's Magic Scroll Boutique.
 21110 | Orc:2    | Reached XP level 16. HP: 138/138 MP: 16/16
 21378 | Orc:2    | Found Ytsil's Antique Weapon Emporium.
 21378 | Orc:2    | Found Gitzash's Jewellery Shoppe.
 21397 | Orc:2    | Found a one-way gate leading to the halls of Pandemonium.
 21406 | Orc:2    | Bought a ring of flight for 227 gold pieces
 21791 | Orc:2    | Bought a pair of embroidered gloves for 157 gold pieces
 21796 | Orc:2    | Bought a bloodstained scale mail for 189 gold pieces
 21796 | Orc:2    | Identified the +0 scale mail "Ucaitz" {Fly Int+2} (You
                  | bought it in a shop on level 2 of the Orcish Mines)
 21914 | D:10     | Bought a scroll of enchant weapon for 120 gold pieces
 21914 | D:10     | Bought a scroll of immolation for 64 gold pieces
 21914 | D:10     | Bought a scroll of brand weapon for 152 gold pieces
 22075 | D:12     | Found the +18 Lear's hauberk
 22283 | D:12     | Noticed a tengu reaver
 22303 | D:12     | Killed a tengu reaver
 22512 | D:12     | Identified the +2 robe of the Bull {rC- Will+++}
 22739 | D:12     | Killed a tengu reaver
 22740 | D:12     | Reached skill level 1 in Shields
 22758 | D:12     | Reached skill level 1 in Evocations
 23598 | D:13     | Identified the ring of Ihoypp {MP+9 Int+3}
 24022 | D:13     | Found a runed translucent gate.
 24023 | D:13     | Found a runed translucent gate.
 24023 | D:13     | Noticed Prykner's ghost (journeyman FoHu)
 24024 | D:13     | Found a runed translucent gate.
 24111 | D:14     | Noticed Agnes
 24262 | D:13     | Killed Prykner's ghost
 24416 | D:13     | Identified the +7 quarterstaff of Uhokicli {antimagic, Fly
                  | rF+ Int-5}
 24776 | D:14     | Found a gate to the Vaults.
 24835 | D:14     | Reached skill level 5 in Shields
 25137 | D:14     | Reached XP level 17. HP: 117/147 MP: 17/17
 25528 | D:14     | Identified the +7 spear "Zuvoplofe" {flame, Will- Int+2
                  | Dex+4 Stlth+}
 25963 | D:15     | Entered Level 15 of the Dungeon
 26484 | D:15     | Found a bloodstained altar of Trog.
 26508 | D:15     | Found a staircase to the Depths.
 26742 | D:15     | Bought a runed orcbow for 195 gold pieces
 26742 | D:15     | Bought an ichor-stained shortbow for 240 gold pieces
 26742 | D:15     | Identified the +10 shortbow of the Beginning {drain, rCorr
                  | Dex+3} (You bought it in a shop on level 15 of the Dungeon)
 26904 | Elf:1    | Entered Level 1 of the Elven Halls
 27348 | Elf:1    | Found a shimmering blue altar of Sif Muna.
 27443 | Elf:1    | Found Gijyhek's Armour Emporium.
 27837 | Elf:1    | Reached skill level 10 in Shields
 28234 | Elf:1    | Reached skill level 5 in Stealth
 28357 | Elf:1    | Got the Tractate on Production
 28810 | Shoals:1 | Entered Level 1 of the Shoals
 29017 | Shoals:1 | Acquired a manual of Necromancy
 29027 | Shoals:1 | Reached XP level 18. HP: 148/155 MP: 18/18
 29287 | Shoals:1 | Noticed a kraken
 29298 | Shoals:1 | Killed a kraken
 29418 | Shoals:1 | Noticed a kraken
 29438 | Shoals:1 | Killed a kraken
 30247 | Shoals:2 | Noticed Frances
 30257 | Shoals:2 | Killed Frances
 30607 | Shoals:2 | Reached skill level 15 in Shields
 30631 | Shoals:2 | Found Yru Soki's Jewellery Emporium.
 30978 | Shoals:3 | Found Nietaqo's Assorted Antiques.
 30990 | Shoals:3 | Bought a scroll of acquirement for 1768 gold pieces
 30990 | Shoals:3 | Acquired a +1 triple crossbow of freezing
 32276 | Shoals:4 | Entered Level 4 of the Shoals
 33762 | Shoals:4 | Reached XP level 19. HP: 147/163 MP: 19/19
 33889 | Shoals:4 | Got a barnacled rune of Zot
 34501 | Spider:1 | Entered Level 1 of the Spider Nest
 34911 | Spider:4 | Entered Level 4 of the Spider Nest
 35443 | Spider:4 | Identified the scarf "Qeegag" {+Inv, rElec rCorr Int+2}
 35452 | Spider:4 | Got a milky-white gem with 1481 turns to spare
 35456 | Spider:4 | Got a gossamer rune of Zot
 37611 | Spider:2 | Reached XP level 20. HP: 172/172 MP: 20/20
 38036 | Spider:2 | Noticed Donald
 38047 | Spider:2 | Killed Donald
 39593 | Vaults:1 | Entered Level 1 of the Vaults
 40045 | D:8      | Bought the +7 chain mail "Zerchaed" {*Slow rElec rPois
                  | Dex+4} for 968 gold pieces
 40246 | Vaults:1 | Found a large runed translucent door.
 40246 | Vaults:1 | Found a large runed translucent door.
 40247 | Vaults:1 | Noticed christhawk's ghost (adept MiHu)
 41193 | Vaults:1 | Reached skill level 10 in Dodging
 41912 | Vaults:2 | Reached skill level 5 in Evocations
 42267 | Vaults:2 | Reached XP level 21. HP: 139/181 MP: 21/21
 42723 | Vaults:2 | Found a staircase to the Crypt.
 42723 | Vaults:2 | Found an ancient bone altar of Kikubaaqudgha.
 42723 | Vaults:2 | Found a basalt altar of Yredelemnul.
 43285 | Vaults:2 | Found a shimmering blue altar of Sif Muna.
 44593 | Vaults:3 | Found Ohisea's Antique Weapon Shoppe.
 44630 | Vaults:3 | Acquired the ring "Fankosu" {+Blink Str+4 Dex+6}
 45044 | Vaults:3 | You fall into a shaft and drop 1 floor!
 45245 | Vaults:4 | Noticed an ancient lich
 45255 | Vaults:4 | Killed an ancient lich
 45256 | Vaults:4 | Reached XP level 22. HP: 121/190 MP: 22/22
 45268 | Vaults:4 | Killed from afar by a titan

Illustrated notes

Levels and vault maps discovered:
D:1:      elethiomel_arrival_infinity_welcomes_careful_drivers, layout_basic,
          shapermc_ecumenical_altar_mp_vishouse, minmay_pentomino_q4
D:2:      layout_basic
D:3:      layout_basic, lemuel_coloured_pillars_altar, old_standard_altar,
          kennysheep_generic_room_10
D:4:      layout_loops_ring, uniq_edmund
D:5:      layout_rooms, lemuel_zombie_altar_kikubaaqudgha, grunt_ministairs_7
D:6:      layout_rooms, lemuel_temple_firewalk_b, uniq_crazy_yiuf_cottage,
          uniq_duvessa
D:7:      layout_gridville, minmay_gold_behind_fungi,
          chequers_serial_rivers_room_b
D:8:      layout_rooms, pf_just_have_faith, serial_ice, serial_ice_b,
          serial_ice_g, serial_ice_l, serial_ice_n, serial_shops, shop_statue
D:9:      layout_gridville, nicolae_tso_carved_into_rock,
          mainiacjoe_overflow_alcove_1, fiery_altar_vehumet, orc_0_dummy,
          enter_bailey_6
D:10:     layout_roguey [special_room_bee], lemuel_crystal_altar,
          mainiacjoe_overflow_paths, serial_shops, nicolae_take_the_stairs,
          serial_rivers, chequers_serial_rivers_small_b,
          chequers_serial_rivers_marsh, chequers_serial_rivers_marsh,
          chequers_serial_rivers_small_b, uniq_harold
D:11:     layout_roguey, erik_lair_orcish_takeover,
          nicolae_transporter_intersection, uniq_erica
D:12:     minmay_chopped_fan, layout_irregular_city, mrwooster_statue_mirror,
          minmay_holes, hellmonk_guarded_unrand_lears
D:13:     layout_small_grid, biasface_ghost_orc_armoury,
          nicolae_concentric_dashed_squares_wild
D:14:     minmay_separated_statues, layout_long_grid,
          skrybe_vaults_entry_preservation, chequers_serial_rivers_micro_e,
          uniq_agnes
D:15:     grunt_enter_depths_hoard, layout_basic, nicolae_lava_and_water,
          bloody_trog
Lair:1:   layout_loops_ring, serial_bayou_shore_b, lemuel_fruit_tree,
          grunt_megastairs_2, lemuel_fruit_fields
Lair:2:   layout_long_grid, elwin_shoals_entry_stream,
          nicolae_spider_entry_orb_guardian, basic_altar, gammafunk_ghost_hive,
          uniq_maggie
Lair:3:   layout_cave_pods, basic_altar
Lair:4:   dreamdust_labyrinth, layout_cave_pods,
          eino_small_chamber_without_monster
Lair:5:   grunt_lair_end_beastmaster, layout_cellular_growth, slime_entry_1,
          pdpol_lair_neglected_garden, nicolae_lair_lakeside_cave, uniq_urug
Shoals:1: layout_shoals
Shoals:2: layout_shoals, serial_shops, shop, nicolae_shoals_so_close,
          uniq_frances
Shoals:3: layout_shoals, serial_shops, shop, argonaut_gorgonesque
Shoals:4: shoals_end_grunt_ice, layout_shoals,
          nicolae_shoals_the_drawing_of_the_three
Spider:1: layout_chambers
Spider:2: layout_spider_delve, uniq_donald
Spider:3: layout_spider_delve
Spider:4: hellmonk_spider_rune_endless_swarm
Orc:1:    layout_diamond_mine, portal_ice_cave_entry_pillars_1
Orc:2:    pf_orc_diabolical, layout_caves, basic_altar
Elf:1:    layout_loops_corners, serial_shops, nicolae_lakefront_shop,
          minmay_elf_sorcery, hellmonk_sif_muna_bookshelves
Elf:2:    elven_hall_of_blades_hangedman_alternative [nicolae_blade_tridents],
          layout_onion_city, serial_shops, nicolae_shop_hallway_stairs,
          uniq_norris, uniq_azrael
Vaults:1: ebering_ghost_disaster_area, ontoclasm_vaults_pinch,
          ontoclasm_vaults_eye, v_alt_pattern_5, ontoclasm_vaults_ligature,
          vaults_room_stairs_pillars, nicolae_vaults_closet_pinwheel_6,
          hangedman_vaults_impose, nicolae_vaults_wrenched, v_misc_26,
          vaults_room_grid, v_misc_24, layout_vaults_omnibox
Vaults:2: ontoclasm_vaults_gallery, nicolae_vaults_little_squares_6,
          minmay_crypt_entry_necro_gods, nicolae_vaults_storage_closets_3,
          serial_library_hellmonk_narrow_alcove, v_pattern_3,
          nicolae_vaults_spaceships, nicolae_vaults_offset_grid_hallway_1,
          nicolae_vaults_oval_intersection, nicolae_vaults_house_2,
          nicolae_vaults_little_squares_3, layout_vaults_omnigrid
Vaults:3: vaults_dpeg_spiral, nicolae_vaults_trapezoid_lopsided_1, v_misc_11,
          v_misc_33, v_pattern_4, nicolae_vaults_specimen_jars,
          vaults_standard_mumra_enter_the_diamond, hangedman_vaults_slice,
          nicolae_vaults_two_Ls, nicolae_vaults_little_guard_posts, v_misc_1,
          nicolae_vaults_tetromino_T_1, nicolae_vaults_house_2,
          nicolae_vaults_trapezoid_1, layout_vaults_ring, serial_shops,
          nicolae_shop_pleasant_corner_grove
Vaults:4: nicolae_vaults_oval_intersection, vaults_mumra_hexcomb,
          vaults_dpeg_hooks, v_pattern_2, nicolae_vaults_double_plus_3,
          nicolae_vaults_back_hallway, nicolae_vaults_what_the_h,
          vaults_room_large_hall, nicolae_vaults_trapezoid_3,
          hangedman_vaults_slice, nicolae_vaults_enemy_cabinets,
          nicolae_vaults_tetromino_Z_2, layout_vaults_omnicross

Skill      XL: |  1  2  3  4  5  6  7  8  9 10 11 12 13 14 15 16 17 18 19 20 21 |
---------------+----------------------------------------------------------------+-----
Ranged Weapons | 5 6 7 9 11 13 14 15 17 18 19 20 21 | 21.6
Fighting       | 3 4 5 6 8 9 10 12 14 16 17 18 19 20 | 20.1
Dodging        | 2 3 4 5 6 7 8 9 10 | 10.4
Armour         | 1 2 3 4 7 8 9 11 12 13 14 | 14.6
Stealth        | 2 3 4 5 |  5.3
Shields        | 5 13 16 18 19 21 | 21.4
Evocations     | 2 5 8 |  8.1

Action                     |  1- 3 |  4- 6 |  7- 9 | 10-12 | 13-15 | 16-18 | 19-21 | 22-24 || total
---------------------------+-------+-------+-------+-------+-------+-------+-------+-------++-------
   Fire: Shortbow          |    74 |   165 |    87 |       |       |   343 |   512 |       ||  1181
         Orcbow            |       |       |   246 |   462 |   897 |   963 |  1071 |     2 ||  3641
 Invoke: Potion Petition   |       |       |       |       |       |     3 |     1 |       ||     4
         Call Merchant     |       |       |       |       |       |     5 |       |       ||     5
Ability: Dig               |       |     2 |       |       |     1 |       |     2 |       ||     5
         Shaft Self        |       |     1 |       |       |       |       |     1 |       ||     2
         Evoke Invisibilit |       |       |       |       |       |       |     1 |       ||     1
  Evoke: Wand              |       |       |       |       |       |    19 |       |     2 ||    21
    Use: Scroll            |       |     1 |     9 |     9 |     9 |     6 |     3 |       ||    37
         Potion            |       |     4 |     4 |     1 |       |     1 |     4 |       ||    14
 Armour: Leather armour    |     9 |    33 |    89 |    13 |       |       |       |       ||   144
         Skin              |       |       |    41 |       |       |       |       |       ||    41
         Scale mail        |       |       |       |    97 |   222 |   404 |   187 |       ||   910
         Chain mail        |       |       |       |       |       |       |   283 |     4 ||   287
  Dodge: Dodged            |    14 |    72 |   278 |   331 |   572 |   562 |   905 |     5 ||  2739
  Block: Buckler           |       |       |       |       |       |    60 |       |       ||    60
         Kite shield       |       |       |       |       |       |   404 |  1513 |     2 ||  1919
         Reflection        |       |       |       |       |       |    73 |    50 |       ||   123
